AoeStats
← MatzeAoE

Marketplace

504752926Analyzed
1v1 RM · 27d ago on Sep 6, 2026· 29m 27s· 2 players
Game mode
Random Map
Map size
Tiny (2 player)
Population
200
Speed
Normal
Resources
Standard
Victory
Conquest
Starting age
Dark Age
Ending age
Imperial Age
RankedLock teamsTeams togetherTeam positionsShared explorationLock speedFull tech treeHidden civsTurbo modeCheats
Victory
Defeat
🇧🇷 Malians · Brazil
2089
+16
🇩🇪 Spanish · Germany
2083
-16
MatzeAoE
3:49 Loom
12:50 Feudal Age
13:45 Double-Bit Axe
18:23 Castle Age
16:43 Horse Collar
19:23 Bow Saw
O grande
6:09 Loom
13:00 Feudal Age
18:01 Castle Age
16:27 Double-Bit Axe
16:38 Horse Collar
17:03 Fletching
17:42 Gold Mining
20:09 Bodkin Arrow
22:04 Husbandry
22:09 Padded Archer Armor
23:28 Bloodlines
24:30 Ballistics
24:37 Horse Collar
28:56 Thumb Ring
Connection lost

Rejoining the realm…

Still unreachable

The connection could not be restored.

Session expired

The server has moved on; the page needs a fresh start.